Map: Terraformation EC (Void)

Players

zuka - Winner!

  • Race: Protoss Protoss
  • League: Diamond

SouL

  • Race: Protoss Protoss
  • League: Diamond

VOD

Have the link to the VOD?

Description

Time

  • Played on: Aug. 12, 2015, 4:11 a.m.
  • Length: 6:05
Show
View Real Time Build Order
Export as new Build Order

zuka Protoss - Winner!

Build Orders: Dark Templar Rush 

Get SALT Encoding   

  12  0:08  Pylon  
  12  0:13  Probe  
  13  0:27  Gateway  
  13  0:30  Probe (Chrono Boost)  
  14  0:41  Probe (Chrono Boost)  
  15  0:44  Assimilator  
  15  0:47  Probe  
  16  0:59  Probe  
  16  1:01  Gateway  
  17  1:11  Probe  
  17  1:14  Cybernetics Core  
  18  1:24  Probe  
  19  1:28  Pylon  
  19  1:34  Assimilator  
  19  1:36  Probe  
  20  1:48  Probe  
  20  1:51  Adept x2 (Chrono Boost)  
  20  1:53  Warp Gate (Chrono Boost)  
  25  2:00  Probe  
  26  2:04  Pylon  
  26  2:12  Probe  
  27  2:24  Mothership Core  
  29  2:32  Gateway  
  29  2:41  Twilight Council  
  29  2:45  Probe  
  30  2:58  Pylon  
  31  3:00  Stalker  
  34  3:13  Pylon  
  34  3:26  Probe  
  35  3:30  Robotics Facility  
  35  3:32  Dark Shrine  
  33  3:38  Probe (Chrono Boost)  
  34  3:46  Pylon  
  35  3:49  Probe (Chrono Boost)  
  35  3:53  Pylon  
  35  4:06  Probe  
  36  4:18  Probe  
  36  4:20  Observer (Chrono Boost)  
  36  4:23  Nexus  
  38  4:30  Probe  
  37  4:42  Probe  
  38  4:45  Dark Templar  
  38  4:46  Dark Templar  
  42  4:54  Probe, Pylon  
  42  4:56  Pylon  
  43  5:06  Probe  
  44  5:12  Dark Templar  
  44  5:18  Probe  
  41  5:21  Dark Templar  
  41  5:28  Pylon  
  43  5:30  Probe  
  41  5:42  Probe  
  41  5:48  Zealot  
  48  5:57  Pylon  
  48  5:59  Pylon  
Show
View Real Time Build Order
Export as new Build Order

SouL Protoss 

Build Orders: Zealot Archon, Dark Templar Rush 

Get SALT Encoding   

  12  0:10  Pylon  
  12  0:14  Probe  
  13  0:26  Probe (Chrono Boost)  
  14  0:33  Gateway  
  14  0:38  Probe (Chrono Boost)  
  15  0:46  Assimilator  
  15  0:47  Probe (Chrono Boost)  
  16  0:50  Assimilator  
  16  0:55  Probe (Chrono Boost)  
  17  1:08  Probe (Chrono Boost)  
  18  1:16  Probe (Chrono Boost)  
  19  1:20  Cybernetics Core  
  19  1:25  Probe  
  20  1:37  Probe  
  21  1:50  Pylon  
  21  1:52  Probe  
  22  1:57  Warp Gate (Chrono Boost)  
  22  2:02  Pylon  
  26  2:08  Mothership Core  
  26  2:09  Stalker (Chrono Boost)  
  26  2:21  Gateway  
  26  2:27  Twilight Council  
  26  2:44  Gateway  
  26  2:54  Pylon  
  26  3:06  Dark Shrine  
  26  3:15  Probe  
  26  3:17  Gateway  
  27  3:21  Pylon  
  27  3:27  Probe  
  28  3:46  Stalker  
  30  3:54  Stalker  
  32  4:01  Pylon  
  32  4:18  Dark Templar  
  32  4:19  Dark Templar  
  32  4:23  Stalker  
  38  4:35  Stalker  
  40  4:55  Stalker x3  
  46  5:01  Zealot  
  46  5:05  Archon  
  40  5:34  Robotics Facility  
  34  5:40  Stalker  
Tags
 
Add a new tag
Caveats
  • Supply blocks, unpowered buildings, or Contaminate may cause inaccurate times.
  • Supply counts are checked every 10 seconds.